Map: Submarine LE

Players

seRRal

  • Race: Zerg Zerg
  • Spawn Location: 5:00

Stats - Winner!

  • Race: Protoss Protoss
  • Spawn Location: 11:00

Event: StayAtHome Story Cup #3

VOD

Have the link to the VOD?

Description

Time

  • Played on: March 14, 2021, 4:55 p.m.
  • Length: 17:25

All games in this series

Show
View Real Time Build Order
Export as new Build Order

seRRal Zerg 

Build Orders: Hatch First, Lurkers 

Get SALT Encoding   

  12  0:00  Drone  
  13  0:12  Overlord  
  13  0:16  Drone  
  14  0:30  Drone x2  
  16  0:48  Hatchery  
  15  0:50  Drone  
  15  0:54  Drone  
  17  0:57  Drone  
  18  1:07  Extractor  
  17  1:12  Spawning Pool  
  17  1:15  Drone  
  17  1:18  Drone  
  18  1:27  Drone  
  19  1:40  Drone  
  20  1:51  Overlord  
  20  2:00  Queen  
  22  2:01  Queen  
  22  2:02  Zergling x4  
  22  2:07  Metabolic Boost  
  26  2:10  Drone  
  26  2:13  Drone  
  28  2:21  Drone  
  29  2:23  Drone  
  30  2:31  Drone  
  30  2:33  Drone  
  32  2:41  Hatchery  
  31  2:46  Queen  
  31  2:50  Overlord  
  33  2:53  Drone  
  33  2:55  Zergling x2  
  34  3:04  Zergling x2  
  35  3:10  Drone x2  
  37  3:14  Drone x3, Queen  
  37  3:17  Overlord  
  42  3:21  Overlord  
  42  3:32  Overlord  
  42  3:35  Queen  
  42  3:40  Drone x2, Zergling x2  
  47  3:43  Drone  
  47  3:44  Drone x2  
  50  3:49  Drone  
  50  3:50  Drone  
  50  3:53  Drone  
  53  4:00  Drone x4  
  57  4:05  Spore Crawler  
  57  4:07  Spore Crawler  
  55  4:10  Drone x3  
  55  4:14  Overlord  
  55  4:15  Drone  
  55  4:16  Drone x3  
  62  4:24  Zergling x2  
  63  4:26  Drone  
  63  4:31  Drone, Roach Warren  
  61  4:32  Roach Warren  
  61  4:33  Spore Crawler  
  61  4:35  Drone  
  61  4:36  Queen  
  61  4:37  Drone x2  
  65  4:45  Lair  
  65  4:47  Extractor  
  65  4:48  Drone x3  
  65  4:49  Drone x2, Extractor  
  69  4:52  Drone  
  69  4:53  Drone x2  
  69  4:56  Overlord  
  71  5:00  Overlord  
  71  5:02  Zergling x2  
  71  5:03  Drone x2  
  71  5:06  Overlord  
  74  5:08  Zergling x2  
  74  5:10  Evolution Chamber  
  74  5:12  Zergling x2  
  74  5:13  Zergling x4  
  74  5:23  Zergling x10  
  74  5:25  Drone x4  
  79  5:28  Drone  
  79  5:29  Drone  
  79  5:34  Drone x2  
  83  5:37  Zerg Missile Weapons Level 1  
  83  5:38  Drone x2  
  85  5:44  Drone  
  85  5:46  Extractor  
  85  5:48  Extractor x2  
  85  5:49  Drone x2  
  85  5:51  Drone x3  
  88  5:57  Drone, Infestation Pit  
  88  6:02  Roach x2  
  92  6:06  Overlord, Roach  
  92  6:07  Drone x2  
  92  6:10  Hatchery, Drone x2  
  97  6:13  Glial Reconstitution  
  97  6:16  Overlord  
  97  6:18  Overlord x2  
  97  6:20  Overseer  
  97  6:21  Overlord  
  96  6:27  Roach x2  
  96  6:28  Roach  
  96  6:31  Roach  
  104  6:35  Hive  
  104  6:38  Drone x2  
  103  6:40  Drone  
  103  6:44  Hydralisk Den, Roach x2  
  107  6:49  Overlord  
  107  6:51  Roach x2  
  111  6:59  Drone x3  
  111  7:00  Drone x4  
  118  7:06  Overlord  
  118  7:07  Overlord  
  118  7:08  Overlord  
  118  7:11  Roach x3  
  124  7:19  Lurker Den  
  124  7:20  Ravager x3  
  124  7:22  Drone x2  
  128  7:23  Extractor, Queen  
  128  7:24  Extractor  
  128  7:28  Zergling x12  
  134  7:31  Drone x2  
  134  7:32  Drone  
  134  7:35  Zerg Missile Weapons Level 2  
  137  7:38  Overlord  
  137  7:39  Drone x2  
  137  7:40  Drone  
  137  7:45  Drone  
  137  7:46  Spore Crawler  
  137  7:48  Roach x3  
  143  7:52  Viper x2  
  143  7:55  Overlord  
  149  8:00  Overlord x2  
  149  8:02  Roach x2  
  153  8:17  Hydralisk x4  
  161  8:21  Roach x6  
  161  8:22  Roach  
  175  8:27  Seismic Spines  
  175  8:29  Hydralisk x2  
  174  8:35  Hydralisk x2  
  178  8:44  Roach x5  
  178  8:47  Lurker x4  
  181  9:08  Drone x2  
  178  9:11  Drone x2  
  178  9:13  Drone  
  178  9:16  Viper  
  182  9:17  Grooved Spines  
  182  9:18  Overseer  
  182  9:23  Spine Crawler, Lurker  
  182  9:24  Adaptive Talons  
  182  9:28  Lurker  
  182  9:30  Drone x4  
  187  9:32  Pneumatized Carapace  
  187  9:33  Hatchery  
  187  9:34  Drone  
  187  9:36  Spine Crawler  
  187  9:38  Hydralisk x3  
  190  9:52  Hydralisk x3  
  192  9:53  Roach x2  
  192  9:58  Overseer  
  178  10:06  Hydralisk x3  
  178  10:07  Hydralisk x2  
  180  10:12  Lurker  
  180  10:14  Overseer, Overlord  
  189  10:22  Drone x3  
  189  10:23  Evolution Chamber  
  189  10:27  Hydralisk  
  193  10:28  Hydralisk  
  193  10:29  Hydralisk x2, Muscular Augments  
  199  10:36  Hydralisk x2  
  199  10:42  Extractor  
  199  10:44  Extractor  
  199  10:46  Hatchery  
  196  10:50  Lurker x3  
  196  11:01  Hydralisk x5  
  197  11:05  Zerg Missile Weapons Level 3  
  197  11:08  Lurker x2  
  197  11:10  Lurker  
  175  11:19  Drone  
  175  11:22  Hydralisk x7  
  175  11:24  Drone x3  
  175  11:25  Drone x3  
  180  11:26  Drone x10  
  183  11:36  Spire  
  183  11:37  Spine Crawler  
  183  11:38  Hydralisk x3  
  187  11:43  Overseer  
  187  11:44  Overseer  
  187  11:48  Spore Crawler  
  187  11:51  Spine Crawler  
  187  11:52  Hydralisk x4  
  193  11:59  Overseer  
  191  12:13  Hydralisk x5  
  191  12:15  Hatchery  
  198  12:28  Spire  
  195  12:49  Spire  
  195  12:51  Overlord x2  
  194  12:52  Overseer, Overlord  
  194  12:55  Hatchery  
  193  12:59  Overlord  
  193  13:08  Overlord  
  191  13:13  Zerg Flyer Weapons Level 1  
  191  13:14  Corruptor x4  
  200  13:27  Spore Crawler  
  200  13:28  Spore Crawler x4  
  200  13:30  Spore Crawler  
  194  13:35  Corruptor  
  194  13:36  Corruptor x2  
  197  13:42  Spore Crawler  
  197  13:43  Spore Crawler x2  
  197  13:44  Spore Crawler  
  197  13:46  Spore Crawler  
  197  13:47  Spore Crawler  
  191  13:49  Spore Crawler  
  191  13:53  Greater Spire  
  190  13:56  Spore Crawler x2  
  190  13:57  Spore Crawler x2  
  190  13:58  Drone x2  
  190  13:59  Spine Crawler  
  190  14:02  Lurker x3  
  190  14:05  Drone x2  
  192  14:10  Hatchery  
  192  14:11  Drone x4  
  192  14:12  Drone x2  
  185  14:29  Spore Crawler  
  184  14:34  Corruptor  
  184  14:35  Zerg Ground Armor Level 1, Corruptor x7  
  200  14:40  Spore Crawler  
  199  14:52  Ultralisk Cavern  
  199  14:56  Evolution Chamber  
  199  14:58  Drone x3, Spore Crawler  
  199  14:59  Drone, Spore Crawler x2  
  192  15:03  Corruptor x4  
  200  15:11  Spore Crawler x2  
  200  15:13  Drone, Spore Crawler  
  178  15:31  Lurker x4  
  178  15:35  Corruptor x4  
  183  15:40  Spore Crawler  
  183  15:41  Spore Crawler  
  183  15:42  Chitinous Plating  
  145  16:00  Corruptor x3  
Show
View Real Time Build Order
Export as new Build Order

Stats Protoss - Winner!

Build Orders: 1 Gate Expand, Oracle Opening, Carriers 

Get SALT Encoding   

  12  0:00  Probe  
  13  0:13  Pylon  
  13  0:18  Probe (Chrono Boost)  
  14  0:27  Probe (Chrono Boost)  
  15  0:32  Probe  
  16  0:39  Gateway  
  16  0:44  Probe  
  16  0:47  Assimilator  
  17  0:56  Probe  
  18  1:08  Probe  
  19  1:20  Probe  
  20  1:27  Nexus  
  20  1:36  Cybernetics Core  
  20  1:38  Probe  
  21  1:45  Assimilator  
  21  1:50  Probe  
  22  1:54  Pylon  
  22  2:02  Probe  
  23  2:10  Adept (Chrono Boost)  
  23  2:14  Probe  
  26  2:18  Stargate  
  26  2:26  Probe  
  26  2:27  Warp Gate  
  27  2:32  Adept  
  29  2:39  Probe (Chrono Boost)  
  29  2:40  Probe (Chrono Boost)  
  31  2:49  Probe (Chrono Boost)  
  31  2:50  Probe (Chrono Boost)  
  33  2:54  Probe (Chrono Boost)  
  33  2:56  Probe  
  35  3:02  Oracle (Chrono Boost), Adept  
  41  3:05  Probe  
  41  3:11  Probe  
  42  3:14  Pylon  
  42  3:17  Gateway  
  42  3:21  Probe  
  42  3:23  Probe  
  44  3:31  Oracle (Chrono Boost)  
  44  3:33  Probe  
  48  3:35  Probe, Pylon  
  49  3:45  Probe  
  49  3:47  Probe  
  51  3:49  Pylon  
  51  3:59  Nexus  
  51  4:07  Probe x2  
  51  4:08  Twilight Council  
  53  4:10  Assimilator  
  53  4:12  Assimilator  
  53  4:15  Shield Battery  
  53  4:19  Probe x2  
  55  4:25  Adept x2  
  59  4:32  Probe x2  
  59  4:38  Gateway x2  
  61  4:44  Dark Shrine  
  61  4:50  Adept x2  
  65  4:58  Probe x2  
  67  5:05  Pylon  
  67  5:07  Pylon  
  67  5:10  Probe x2  
  67  5:11  Probe  
  70  5:22  Probe (Chrono Boost)  
  70  5:25  Probe x2 (Chrono Boost)  
  70  5:28  Robotics Facility  
  71  5:30  Forge  
  71  5:34  Probe (Chrono Boost), Stalker x2  
  71  5:35  Probe x2 (Chrono Boost), Sentry  
  80  5:38  Probe (Chrono Boost), Sentry  
  80  5:40  Probe x2 (Chrono Boost)  
  85  5:48  Pylon  
  85  5:49  Assimilator  
  85  5:52  Probe (Chrono Boost)  
  85  5:54  Assimilator  
  85  5:55  Probe (Chrono Boost)  
  88  5:58  Probe (Chrono Boost)  
  88  6:02  Probe (Chrono Boost)  
  88  6:04  Probe (Chrono Boost)  
  91  6:05  Probe (Chrono Boost)  
  91  6:08  Protoss Ground Weapons Level 1 (Chrono Boost)  
  91  6:09  Probe, Sentry x2  
  91  6:10  Stalker x2  
  100  6:12  Blink  
  100  6:13  Phoenix x2  
  100  6:19  Probe  
  100  6:20  Probe  
  100  6:22  Pylon  
  102  6:26  Gateway  
  102  6:27  Gateway  
  102  6:29  Robotics Bay  
  102  6:31  Robotics Facility  
  102  6:34  Pylon  
  102  6:47  Gateway  
  102  6:48  Gateway x2  
  102  7:00  Observer (Chrono Boost)  
  103  7:01  Stalker x4  
  111  7:16  Gravitic Drive  
  111  7:17  Pylon  
  111  7:18  Templar Archives  
  111  7:20  Warp Prism  
  111  7:22  Observer  
  114  7:26  Shield Battery  
  114  7:27  Photon Cannon  
  114  7:31  Photon Cannon  
  114  7:32  Shield Battery  
  114  7:33  Photon Cannon  
  114  7:46  Nexus  
  114  7:48  Pylon  
  114  7:51  Disruptor  
  114  7:55  Disruptor  
  114  7:57  Stalker x6  
  132  8:06  Pylon  
  132  8:08  Pylon  
  132  8:09  Protoss Ground Weapons Level 2  
  132  8:10  Pylon  
  132  8:12  Pylon  
  131  8:19  Psionic Storm  
  131  8:21  Pylon  
  131  8:23  Pylon  
  131  8:25  Pylon  
  131  8:27  Zealot  
  131  8:28  Zealot x3  
  139  8:36  Dark Templar  
  139  8:38  Zealot x3  
  139  8:41  Nexus  
  147  8:44  Pylon  
  147  8:45  Disruptor (Chrono Boost)  
  150  8:51  Disruptor (Chrono Boost)  
  150  8:55  Probe x3  
  151  9:12  Nexus  
  151  9:13  Shield Battery  
  145  9:17  High Templar x4  
  145  9:18  Warp Prism (Chrono Boost)  
  145  9:21  Dark Templar  
  155  9:28  Shield Battery  
  155  9:30  Shield Battery  
  155  9:31  High Templar  
  155  9:33  Photon Cannon  
  155  9:34  High Templar  
  155  9:35  Photon Cannon  
  159  10:00  Zealot x6  
  159  10:01  Zealot  
  169  10:09  Fleet Beacon  
  169  10:11  Stargate  
  164  10:14  Stargate  
  164  10:22  Probe x3  
  164  10:26  Assimilator, Protoss Air Weapons Level 1  
  167  10:31  Assimilator  
  159  10:36  Zealot x7  
  159  10:39  Dark Templar  
  169  11:04  Carrier x3 (Chrono Boost)  
  171  11:31  Zealot x5  
  171  11:32  Dark Templar  
  165  11:50  Zealot x3  
  165  11:53  Pylon  
  171  11:56  Photon Cannon  
  171  11:58  Photon Cannon  
  171  11:59  Carrier x3  
  171  12:00  Photon Cannon  
  182  12:16  Charge  
  182  12:20  Zealot x4  
  190  12:25  Protoss Air Weapons Level 2 (Chrono Boost)  
  182  12:37  Shield Battery  
  182  12:38  Photon Cannon  
  182  12:43  Photon Cannon  
  182  12:45  Photon Cannon  
  182  12:56  Observer x2 (Chrono Boost)  
  182  12:58  Gravitic Boosters  
  184  12:59  Carrier x3 (Chrono Boost)  
  190  13:19  Protoss Shields Level 1  
  190  13:25  Warp Prism  
  190  13:26  Observer  
  181  13:57  Carrier x3 (Chrono Boost)  
  199  14:07  Nexus  
  199  14:09  Pylon  
  199  14:29  Assimilator  
  199  14:31  Assimilator  
  199  14:35  Shield Battery  
  199  14:36  Shield Battery  
  199  14:38  Shield Battery  
  199  14:41  Photon Cannon x2, Gateway  
  199  14:42  Gateway  
  199  14:43  Photon Cannon  
  199  14:45  Photon Cannon, Gateway  
  197  15:00  Warp Prism (Chrono Boost)  
  200  15:11  Observer (Chrono Boost)  
  200  15:13  Observer  
  193  15:40  Observer x2  
  176  15:59  Stalker x6  
  176  16:00  Stalker  
  169  16:05  Carrier x3  
Tags
 
Add a new tag
Caveats
  • Supply blocks, unpowered buildings, or Contaminate may cause inaccurate times.
  • Supply counts are checked every 10 seconds.